 Dungeon Crawl Stone Soup version 0.26.1-11-gd32895ea62 (webtiles) character file.

Game seed: 192577854719137786

4263 nomophobia the Cleaver (level 10, -2/77 HPs)
             Began as a Demonspawn Berserker on May 21, 2021.
             Was a High Priest of Trog.
             Slain by a komodo dragon (17 damage)
             ... on level 1 of the Lair of Beasts on May 22, 2021.
             The game lasted 01:21:33 (8274 turns).

nomophobia the Cleaver (Demonspawn Berserker)       Turns: 8274, Time: 01:21:34

Health: -2/77      AC: 23    Str: 20      XL:     10   Next: 10%
Magic:  10/10      EV:  8    Int: 10      God:    Trog [*****.]
Gold:   495        SH:  0    Dex: 11 (12) Spells: 9/9 levels left

rFire    . . .     SeeInvis .   a - +3 hand axe (protect)
rCold    . . .     Faith    .   (no shield)
rNeg     + . .     Spirit   .   A - +1 plate armour
rPois    .         Reflect  .   (helmet restricted)
rElec    .         Harm     .   e - +0 cloak
rCorr    .         Rampage  .   (no gloves)
Will     .....                  B - +0 pair of boots
Stlth    ..........             q - amulet of magic regeneration
HPRegen  0.22/turn              h - +4 ring of protection
MPRegen  0.37/turn              k - ring of positive energy

@: no status effects
A: horns 2, slimy green scales 1, powered by death 3
a: Renounce Religion, Berserk, Trog's Hand, Brothers in Arms


You were on level 1 of the Lair of Beasts.
You worshipped Trog.
Trog was extremely pleased with you.
You visited 2 branches of the dungeon, and saw 10 of its levels.

You collected 495 gold pieces.

Inventory:

Hand Weapons
 a - a +3 hand axe of protection (weapon)
Armour
 e - a +0 cloak (worn)
 y - +0 steam dragon scales
 A - a +1 plate armour (worn)
 B - a +0 pair of boots (worn)
Jewellery
 c - an uncursed ring of poison resistance
 h - a +4 ring of protection (left hand)
 k - a ring of positive energy (right hand)
 q - an amulet of magic regeneration (around neck)
Wands
 b - a wand of disintegration (28)
 t - a wand of digging (3)
 u - a wand of polymorph (5)
 v - a wand of acid (9)
Scrolls
 l - 2 scrolls of fog
 n - 7 scrolls of teleportation
 p - 5 scrolls of remove curse
 s - 3 scrolls of magic mapping
Potions
 d - a potion of resistance {unknown}
 f - a potion of attraction {unknown}
 g - a potion of haste {unknown}
 i - 7 potions of lignification {unknown}
 j - 3 potions of curing {unknown}
 m - a potion of flight {unknown}
 o - 3 potions of degeneration {unknown}
 r - a potion of heal wounds {unknown}
 w - a potion of mutation {unknown}
 x - a potion of magic {unknown}
 z - 2 potions of cancellation {unknown}
 D - 2 potions of invisibility {unknown}


   Skills:
 + Level 6.7 Fighting
 * Level 8.4 Axes
 * Level 8.0 Armour
 + Level 5.6 Dodging


You had 9 spell levels left.
You didn't know any spells.
Your spell library was empty.

Dungeon Overview and Level Annotations

Branches:
Dungeon (9/15)             Temple (0/1) D:7            Lair (1/6) D:9
    Orc: D:9-12

Altars:
Dithmenos
Elyvilon
Fedhas
Okawaru
Ru
Vehumet
Xom
Yredelemnul
Zin

Shops:
D:5 *


Innate Abilities, Weirdness & Mutations

You have a pair of horns on your head.
You are partially covered in slimy green scales. (AC +2)
You regenerate a lot of health from kills.


Message History

The bolt of electricity hits you but does no damage.
You enter the shallow water.
Moving in this stuff is going to be slow.
A komodo dragon comes into view.
The electric eel shoots out a bolt of lightning at you!
The bolt of electricity hits you!
The electric eel shoots out a bolt of lightning at you!
The bolt of electricity misses you.
The electric eel shoots out a bolt of lightning at you!
The bolt of electricity hits you. The bolt of electricity hits you!
* * * LOW HITPOINT WARNING * * *
The electric eel shoots out a bolt of lightning at you!
The bolt of electricity misses you.
The electric eel shoots out a bolt of lightning at you!
The bolt of electricity misses you.
You enter the shallow water.
Moving in this stuff is going to be slow.
A komodo dragon is nearby!
The komodo dragon bites you!
You die...

......P .#..##
#.P....###≈#...#
........≈≈≈...#
#..≈≈≈≈≈≈≈≈≈##
#.≈≈≈≈≈≈≈≈≈.#
#≈≈≈≈≈≈≈≈≈≈.#
#.≈≈≈.≈.≈≈≈.#
#.≈≈≈.<≈≈≈≈≈#
#.≈≈≈@.≈≈≈≈≈##
#.≈≈≈l≈≈≈≈≈..#
#.≈≈≈≈≈≈≈≈≈.##
#..≈≈≈≈≈≈.≈.#
#...≈.≈≈≈.#.#
#.###..#....#.
#.............
####...######
#.....#


You could see a komodo dragon.

Vanquished Creatures
  Harold (D:7)
  A steam dragon (D:7)
  Eustachio (D:5)
  2 ice beasts
  An orc warrior (D:9)
  An eye of draining (D:8)
  A phantom (D:4)
  6 ogres
  2 centaurs
  A big kobold (D:9)
  3 bullfrogs
  2 scorpions (D:4)
  9 killer bees
  3 wights (D:8)
  2 howler monkeys
  A quasit (D:9)
  A bullfrog zombie (D:7)
  4 orc priests
  4 hounds
  Crazy Yiuf (D:5)
  Jessica (D:3)
  2 iguanas (D:4)
  3 worker ants (D:4)
  11 orc wizards
  A killer bee zombie (D:5)
  2 worker ant zombies
  4 gnolls (D:4)
  16 adders
  5 shadow imps
  A white imp (D:5)
  2 ufetubi
  An adder zombie (D:9)
  An adder skeleton (D:8)
  4 worms
  3 dart slugs
  5 leopard geckos
  29 orcs
  9 ball pythons
  4 bats
  4 giant cockroaches
  6 hobgoblins
  10 jackals
  9 kobolds
  4 quokkas
  2 frilled lizards
  6 goblins
  A quokka skeleton (D:7)
  4 rats
197 creatures vanquished.

Vanquished Creatures (others)
  2 orcs (D:7)
  3 fungi (D:5)
  A plant (Lair:1)
6 creatures vanquished.

Grand Total: 203 creatures vanquished

Notes
Turn   | Place    | Note
-------+----------+-------------------------------------------
     0 | D:1      | nomophobia the Demonspawn Berserker began the quest for the
                  | Orb.
     0 | D:1      | Reached XP level 1. HP: 18/18 MP: 1/1
   279 | D:1      | Gained mutation: You regenerate a little health from kills.
                  | [demonic ancestry]
   279 | D:1      | Reached XP level 2. HP: 24/24 MP: 2/2
  1424 | D:2      | Reached XP level 3. HP: 28/29 MP: 3/3
  1665 | D:2      | Reached ** piety under Trog
  1847 | D:3      | Gained mutation: You have a pair of small horns on your
                  | head. [demonic ancestry]
  1847 | D:3      | Reached XP level 4. HP: 14/35 MP: 4/4
  2611 | D:3      | Reached XP level 5. HP: 32/32 MP: 5/5
  2928 | D:3      | Noticed Jessica
  2944 | D:3      | Killed Jessica
  3639 | D:4      | Noticed a phantom
  3705 | D:4      | Killed a phantom
  3706 | D:4      | Gained mutation: You have a pair of horns on your head.
                  | [demonic ancestry]
  3706 | D:4      | Reached XP level 6. HP: 7/48 MP: 6/6
  4026 | D:4      | Found a glowing silver altar of Zin.
  4071 | D:4      | Reached *** piety under Trog
  4112 | D:4      | Reached XP level 7. HP: 37/54 MP: 7/7
  4308 | D:4      | Reached skill level 5 in Axes
  5049 | D:5      | Entered Level 5 of the Dungeon
  5053 | D:5      | Found Vouw's General Store.
  5068 | D:5      | Found a glowing drain.
  5162 | D:5      | Noticed Eustachio
  5193 | D:5      | Killed Eustachio
  5194 | D:5      | Reached skill level 5 in Armour
  5194 | D:5      | Gained mutation: You regenerate health from kills. [demonic
                  | ancestry]
  5194 | D:5      | Reached XP level 8. HP: 61/61 MP: 8/8
  5383 | D:5      | Found a runed translucent door.
  5384 | D:5      | Noticed Crazy Yiuf
  5389 | D:5      | Killed Crazy Yiuf
  5762 | D:6      | Reached skill level 5 in Fighting
  5763 | D:6      | Reached **** piety under Trog
  6449 | D:7      | Found a staircase to the Ecumenical Temple.
  6564 | D:7      | Found a white marble altar of Elyvilon.
  6586 | D:7      | Found a basalt altar of Yredelemnul.
  6597 | D:7      | Noticed Harold
  6617 | D:7      | Killed Harold
  6618 | D:7      | Gained mutation: You are partially covered in slimy green
                  | scales. (AC +2) [demonic ancestry]
  6618 | D:7      | Reached XP level 9. HP: 69/69 MP: 9/9
  6648 | D:7      | Reached skill level 5 in Dodging
  6652 | D:7      | Found a sacrificial altar of Ru.
  6652 | D:7      | Found a shadowy altar of Dithmenos.
  6663 | D:7      | Found an iron altar of Okawaru.
  6664 | D:7      | Found a radiant altar of Vehumet.
  6665 | D:7      | Found a shimmering altar of Xom.
  7517 | D:8      | Found a blossoming altar of Fedhas.
  8058 | D:9      | Identified a scroll of acquirement
  8058 | D:9      | Acquired a manual of Axes
  8121 | D:9      | Found a staircase to the Lair.
  8179 | D:9      | Gained mutation: You regenerate a lot of health from kills.
                  | [demonic ancestry]
  8179 | D:9      | Reached XP level 10. HP: 77/77 MP: 10/10
  8205 | D:9      | Reached ***** piety under Trog
  8217 | D:9      | Found an iron altar of Okawaru.
  8235 | Lair:1   | Entered Level 1 of the Lair of Beasts
  8274 | Lair:1   | Slain by a komodo dragon

Illustrated notes

Levels and vault maps discovered:
D:1:      dpeg_arrival_stone_temple_mockup, layout_basic
D:2:      layout_loops_ring, chequers_serial_rivers_large_a, minmay_cupped
D:3:      layout_loops_ring, uniq_jessica
D:4:      layout_basic, zin_scriptorium, minmay_snake_closets
D:5:      layout_rooms, serial_shops, kennysheep_mini, portal_sewer_entry_a,
          uniq_eustachio, uniq_crazy_yiuf_cottage
D:6:      wad_pebble_path, layout_rooms, kennysheep_nondescript,
          corexii_checkpoint_a, kennysheep_generic_room_9
D:7:      layout_cave_pools, minitemple, minmay_temple_entry_drinking_statues,
          small_statue_intersection, uniq_harold
D:8:      layout_loops_ring, nicolae_overflow_crystal_walls
D:9:      layout_roguey, lair_entry_dummy, okawaru_ov_weapons_minmay
Lair:1:   layout_gridlike, lemuel_fruit_tree, infiniplex_staircase_pool_2,
          grunt_megastairs_1, serial_bayou_shore_b, serial_bayou_shore_a,
          uniq_joseph

Skill      XL: |  1  2  3  4  5  6  7  8  9 10 |
---------------+-------------------------------+-----
Armour         | 2 3 4 5 6 7 8 |  8.0
Axes           | 3 4 5 7 8 |  8.4
Dodging        | 2 3 4 5 |  5.6
Fighting       | 4 5 6 |  6.7

Action                   |  1- 3 |  4- 6 |  7- 9 | 10-12 || total
-------------------------+-------+-------+-------+-------++-------
Melee: Hand axe          |   129 |   141 |   444 |    35 ||   749
       Headbutt          |       |    26 |    92 |     2 ||   120
Invok: Berserk           |     2 |     7 |    15 |       ||    24
  Use: Scroll            |     5 |     5 |     8 |       ||    18
Armor: Ring mail         |    52 |    43 |    45 |       ||   140
       Chain mail        |       |       |    41 |       ||    41
       Plate armour      |       |       |   209 |    81 ||   290
Dodge: Dodged            |    70 |    52 |   224 |    39 ||   385
